 Dungeon Crawl Stone Soup version 0.23-a0-458-g93a6ea9 (webtiles) character file.

2097 JeffiDaFish the Reanimator (level 9, -4/49 HPs)
             Began as a Deep Elf Necromancer on Nov 25, 2018.
             Was a Believer of Sif Muna.
             Slain by a mummy (13 damage)
             ... in an ossuary.
             The game lasted 00:21:03 (9074 turns).

JeffiDaFish the Reanimator (Deep Elf Necromancer)   Turns: 9074, Time: 00:21:04

Health: -4/49      AC:  7    Str:  5    XL:     9   Next: 7%
Magic:  20/22      EV: 16    Int: 24    God:    Sif Muna [**....]
Gold:   252        SH:  2    Dex: 15    Spells: 16/23 levels left

rFire    . . .     SeeInvis .   m - +2 dagger (pain)
rCold    + . .     Gourm    .   (no shield)
rNeg     + . .     Faith    .   h - +1 robe {Archmagi}
rPois    .         Spirit   .   (helmet restricted)
rElec    .         Reflect  +   q - +0 cloak
rCorr    .         Harm     .   (no gloves)
MR       .....                  (no boots)
Stlth    ++++......             j - +2 amulet of reflection
HPRegen  1.16/turn              d - +4 ring of protection
MPRegen  0.18/turn              f - ring of positive energy

@: regenerating, divine energy
A: horns 1, cold resistance 1, deformed body, robust 1
a: Stop Divine Energy, Renounce Religion


You were in an ossuary.
You worshipped Sif Muna.
Sif Muna was pleased with you.
You were hungry.

You visited 2 branches of the dungeon, and saw 8 of its levels.
You also visited: Ossuary.

You collected 340 gold pieces.
You spent 88 gold pieces at shops.

Inventory:

Hand Weapons
 m - a +2 dagger of pain (weapon)
Armour
 h - a +1 robe of the Archmagi (worn)
 q - a +0 cloak (worn)
Magical Staves
 p - an uncursed staff of fire
Jewellery
 d - a +4 ring of protection (left hand)
 f - a ring of positive energy (right hand)
 i - an uncursed ring of fire
 j - a +2 amulet of reflection (around neck)
Wands
 o - a wand of digging (4)
Scrolls
 e - 8 scrolls of teleportation
 g - 4 scrolls of blinking
 k - a scroll of identify
 l - a scroll of amnesia
 n - 3 scrolls of remove curse
Potions
 b - a potion of curing
 r - 2 potions of haste {unknown}
Comestibles
 c - 14 rations


   Skills:
 + Level 6.7 Dodging
 + Level 7.3 Stealth
 + Level 7.6 Spellcasting
 * Level 10.2 Necromancy


You had 16 spell levels left.
You knew the following spells:

 Your Spells              Type           Power        Failure   Level  Hunger
a - Pain                  Necr           ####         1%          1    None
b - Vampiric Draining     Necr           ######....   1%          3    None
c - Regeneration          Chrm/Necr      ######....   2%          3    None

Your spell library contained the following spells:

 Spells                   Type           Power        Failure   Level  Hunger
 Animate Skeleton         Necr           N/A          1%          1    None
 Animate Dead             Necr           N/A          1%          4    ###....


Dungeon Overview and Level Annotations

Branches:
Dungeon (7/15)             Temple (1/1) D:4

Altars:
Dithmenos
Gozag
Nemelex Xobeh
Qazlal
Sif Muna
Uskayaw
Vehumet
Yredelemnul

Shops:
D:5 =   D:6 (*(!?


Innate Abilities, Weirdness & Mutations

You have a pair of small horns on your head.
Your flesh is cold resistant. (rC+)
Armour fits poorly on your strangely shaped body.
You are robust. (+10% HP)


Message History

The mummy is lightly damaged.
The mummy hits you but does no damage.
You hit the mummy.
The mummy is moderately damaged.
The mummy hits you!!
* * * LOW HITPOINT WARNING * * *
You hit the mummy. You headbutt the mummy.
The mummy is severely damaged.
You hit the mummy.
The mummy is almost destroyed.
The mummy hits you.
* * * LOW HITPOINT WARNING * * *
You hit the mummy.
The mummy is almost destroyed.
You hit the mummy but do no damage.
The mummy is almost destroyed.
The mummy hits you!
* * * LOW HITPOINT WARNING * * *
You feel better. The mummy hits you!
You die...

#####
##...##
#.....#
##.....##
#.......#
#.......#
#...∩...#
#.....@.#
#.^.∩M^.#
#..^....#
#.......#
###^..(.##
#.'.....+
###^....#
#.'.^...+
###.....#


You could see a mummy.

Vanquished Creatures
  A phantom (D:5)
  6 ogres
  A sky beast (D:5)
  Blork the orc (D:5)
  3 bullfrogs
  A crimson imp (D:6)
  4 hounds
  2 bullfrog skeletons
  A gnoll shaman (D:4)
  4 jellies
  Crazy Yiuf (D:5)
  7 orc priests
  3 orc wizards
  Jessica (D:3)
  Ijyb (D:5)
  3 worker ants
  4 mummies (Ossuary)
  7 gnolls
  8 adders
  2 shadow imps
  2 oozes (D:2)
  An adder skeleton (D:6)
  4 worms
  2 dart slugs
  8 leopard geckos
  26 orcs
  3 ball pythons
  8 bats
  4 giant cockroaches
  4 hobgoblins
  7 jackals
  10 kobolds
  2 quokkas
  6 frilled lizards
  5 goblins
  A jackal skeleton (D:5)
  A quokka skeleton (D:5)
  4 rats
159 creatures vanquished.

Notes
Turn   | Place    | Note
-------+----------+-------------------------------------------
     0 | D:1      | JeffiDaFish the Deep Elf Necromancer began the quest for
                  | the Orb.
     0 | D:1      | Reached XP level 1. HP: 10/10 MP: 6/6
    38 | D:1      | Reached skill level 5 in Necromancy
   673 | D:1      | Reached XP level 2. HP: 13/15 MP: 5/8
  1275 | D:2      | Reached XP level 3. HP: 11/19 MP: 2/10
  1284 | D:2      | Learned a level 3 spell: Vampiric Draining
  1493 | D:2      | Found a faded altar of an unknown god.
  2112 | D:2      | Found a stormy altar of Qazlal.
  2114 | D:2      | Noticed a water elemental
  2114 | D:2      | Noticed a fire elemental
  2120 | D:2      | Noticed an earth elemental
  2123 | D:2      | Noticed an air elemental
  2630 | D:3      | Reached XP level 4. HP: 15/24 MP: 1/11
  2777 | D:3      | Reached skill level 6 in Necromancy
  2938 | D:3      | Reached XP level 5. HP: 21/28 MP: 3/13
  2982 | D:3      | You fall through a shaft!
  2982 | D:4      | Found a staircase to the Ecumenical Temple.
  2995 | Temple   | Entered the Ecumenical Temple
  3056 | Temple   | Became a worshipper of Sif Muna the Loreminder
  3078 | D:4      | Noticed an ogre
  3082 | D:4      | Noticed an ogre
  3129 | D:3      | Noticed Jessica
  3137 | D:3      | Killed Jessica
  3917 | D:4      | Killed an ogre
  3917 | D:4      | Reached XP level 6. HP: 29/32 MP: 9/15
  3965 | D:4      | Reached skill level 5 in Spellcasting
  3965 | D:4      | Reached skill level 7 in Necromancy
  4198 | D:3      | Learned a level 3 spell: Regeneration
  4240 | D:4      | Reached XP level 7. HP: 32/36 MP: 8/16
  4315 | D:4      | Reached * piety under Sif Muna
  4798 | D:4      | Reached skill level 5 in Stealth
  5047 | D:5      | Entered Level 5 of the Dungeon
  5047 | D:5      | Found an opulent altar of Gozag.
  5517 | D:5      | Reached skill level 8 in Necromancy
  5525 | D:5      | Reached skill level 5 in Dodging
  6171 | D:5      | Noticed Ijyb
  6184 | D:5      | Killed Ijyb
  6413 | D:5      | Found Taonaaph's Jewellery Emporium.
  6717 | D:5      | Reached XP level 8. HP: 32/41 MP: 16/19
  6909 | D:5      | Noticed Blork the orc
  6923 | D:5      | Killed Blork the orc
  6923 | D:5      | Reached skill level 9 in Necromancy
  7036 | D:5      | Found a runed door.
  7041 | D:5      | Noticed Crazy Yiuf
  7045 | D:5      | Killed Crazy Yiuf
  7201 | D:6      | Found Joeczufu's Assorted Antiques.
  7380 | D:6      | Found Meonluwk's Weapon Shoppe.
  7395 | D:6      | Found Cypue's Magic Scroll Emporium.
  7402 | D:6      | Found Siogg's Distillery.
  7417 | D:6      | Bought a scroll of teleportation for 33 gold pieces
  7428 | D:6      | Bought a potion of heal wounds for 55 gold pieces
  7451 | D:6      | Reached ** piety under Sif Muna
  7553 | D:6      | Found a hide-covered altar of Uskayaw.
  7606 | D:6      | Found Amas's Weapon Emporium.
  7714 | D:6      | Found a sparkling altar of Nemelex Xobeh.
  7769 | D:6      | Gained mutation: You are robust. (+10% HP) [potion of
                  | mutation]
  7769 | D:6      | Gained mutation: Armour fits poorly on your strangely
                  | shaped body. [potion of mutation]
  7769 | D:6      | Gained mutation: Your flesh is cold resistant. (rC+)
                  | [potion of mutation]
  7769 | D:6      | Gained mutation: You have a pair of small horns on your
                  | head. [potion of mutation]
  8031 | D:6      | Reached skill level 10 in Necromancy
  8778 | D:7      | Reached XP level 9. HP: 49/49 MP: 20/22
  8811 | D:7      | Found a sand-covered staircase.
  8816 | Ossuary  | Entered an ossuary
  9073 | Ossuary  | HP: 1/49 [mummy (11)]
  9074 | Ossuary  | Slain by a mummy

Vault maps used:
D:1:      saegor_arrival_simple_a, kennysheep_another_room
D:2:      chequers_ecumenical_altar_simple_redux,
          nicolae_qazlal_style_of_elements
D:3:      portal_sewer_entry_e, first_ration, uniq_jessica
D:4:      minmay_temple_entry_statues_fountains
D:5:      minmay_thick_lines, serial_shops, shop, basic_altar,
          roderic_lattice_a, uniq_blork_the_orc, uniq_ijyb,
          uniq_crazy_yiuf_cottage
D:6:      old_standard_altar, old_standard_altar, serial_shops, shop_coins,
          nicolae_shop_overgrown_old_shop, shop_statue, kennysheep_mini_moat,
          shop, solitary_fountain, minmay_misc_feat_x
D:7:      nicolae_ossuary_entry_false_entrances
Temple:   nicolae_temple_figure_eight
Ossuary:  ossuary_the_hunt_dpeg

Skill      XL: |  1  2  3  4  5  6  7  8 |
---------------+-------------------------+-----
Necromancy     | 5 6 7 8 10 | 10.2
Dodging        | 3 4 5 6 |  6.7
Stealth        | 3 4 5 7 |  7.3
Spellcasting   | 4 5 6 7 |  7.6

Action                   |  1- 3 |  4- 6 |  7- 9 || total
-------------------------+-------+-------+-------++-------
Melee: Dagger            |    61 |    83 |   277 ||   421
       Headbutt          |       |       |     9 ||     9
 Cast: Pain              |    68 |    45 |    90 ||   203
       Vampiric Draining |     8 |     9 |    23 ||    40
       Regeneration      |       |     1 |     9 ||    10
Invok: Divine Energy     |       |       |     1 ||     1
  Use: Scroll            |     7 |     1 |     2 ||    10
       Potion            |     2 |     1 |     6 ||     9
 Stab: Sleeping          |     4 |     5 |    17 ||    26
       Distracted        |     1 |       |       ||     1
  Eat: Chunk             |     6 |     5 |    16 ||    27
Armor: Robe              |    23 |    45 |    51 ||   119
Dodge: Dodged            |    61 |    71 |   181 ||   313
Block: Other             |     1 |     4 |    14 ||    19

Table legend:
 A = Non-vault XP
 B = Vault XP
 C = Vault XP percentage of total XP
 D = Non-vault monster count
 E = Vault monster count
 F = Vault count percentage of total count
                 A         B        C        D         E       F
            +---------+---------+-------+---------+---------+-------
      Total |    2499 |     498 |  16.6 |     147 |      12 |   7.5
            +---------+---------+-------+---------+---------+-------
        D:1 |      32 |       0 |   0.0 |      16 |       0 |   0.0
        D:2 |      52 |       0 |   0.0 |      20 |       0 |   0.0
        D:3 |     201 |      37 |  15.5 |      31 |       1 |   3.1
        D:4 |     577 |       0 |   0.0 |      17 |       0 |   0.0
        D:5 |     536 |     396 |  42.5 |      21 |       7 |  25.0
        D:6 |     959 |       0 |   0.0 |      38 |       0 |   0.0
        D:7 |     142 |       0 |   0.0 |       4 |       0 |   0.0
    Ossuary |       0 |      65 | 100.0 |       0 |       4 | 100.0
            +---------+---------+-------+---------+---------+-------
